 Dungeon Crawl Stone Soup version 0.31-a0-774-g0d66cbabe8 (webtiles) character file.

Game seed: 8078517121644357579

23755 Bravepunisher the Nimble (level 12, -8/71 HPs)
             Began as a Spriggan Monk on Sept 17, 2023.
             Was a High Priest of Makhleb.
             Succumbed to a redback's poison
             ... on level 1 of the Lair of Beasts on Sept 18, 2023.
             The game lasted 00:43:52 (12796 turns).

Bravepunisher the Nimble (Spriggan Monk)           Turns: 12796, Time: 00:43:52

Health: -8/71      AC:  8    Str:  7    XL:     12   Next: 74%
Magic:  20/20      EV: 38    Int: 14    God:    Makhleb [*****.]
Gold:   478        SH:  0    Dex: 28    Spells: 11/11 levels left

rFire   . . .        s - +6 dagger "Weofes" {elec, rCorr Int+2 SInv}
rCold   + . .        u - +2 buckler {rC+}
rNeg    . . .        C - +0 steam dragon scales
rPois   .            H - +2 hat {SInv}
rElec   .            (no cloak)
rCorr   +            (gloves unavailable)
SInv    +            (boots unavailable)
Will    ++...        y - amulet of the acrobat
Stlth   +            j - +5 ring of evasion
HPRegen 0.31/turn    K - +6 ring of dexterity
MPRegen 0.17/turn

%: acrobat
@: confused, mighty, lethally poisoned (-8 -> -79), ambrosia-drunk, attractive,
very quick
A: very small, no large weapons, unfitting armour, see invisible, speed 3
a: Renounce Religion, Minor Destruction, Lesser Servant of Makhleb, Major
Destruction, Greater Servant of Makhleb


You were on level 1 of the Lair of Beasts.
You worshipped Makhleb.
Makhleb was extremely pleased with you.
You visited 3 branches of the dungeon, and saw 15 of its levels.

You collected 478 gold pieces.

Inventory:

Hand Weapons
 s - the +6 dagger "Weofes" (weapon) {elec, rCorr Int+2 SInv}
   (You found it on level 5 of the Dungeon)

   Int+2:     It affects your intelligence (+2).
   SInv:      It lets you see invisible.
   rCorr:     It protects you from acid and corrosion.
 I - the +8 pair of quick blades "Gyre" and "Gimble" {protect}
   (You found it on level 9 of the Dungeon)
Missiles
 v - 5 throwing nets
Armour
 d - an orb of light
 u - a +2 buckler of cold resistance (worn)
 C - +0 steam dragon scales (worn)
 H - a +2 hat of see invisible (worn)
Jewellery
 c - the ring of Wishful Thinking {Wiz rPois}
   (You took it off a centaur warrior on level 11 of the Dungeon)

   [ring of wizardry]

   Wiz:       It improves your spell success rate.
   rPois:     It protects you from poison
 j - a +5 ring of evasion (left hand)
 y - an amulet of the acrobat (around neck)
 K - a +6 ring of dexterity (right hand)
 S - an amulet of guardian spirit
Wands
 n - a wand of digging (8)
 p - a wand of flame (13)
 t - a wand of polymorph (4)
 P - a wand of charming (6)
 R - a wand of quicksilver (1)
Scrolls
 b - 2 scrolls of enchant armour {unknown}
 e - 14 scrolls of identify {unknown}
 f - 3 scrolls of teleportation
 g - a scroll of blinking {unknown}
 h - 2 scrolls of vulnerability
 o - a scroll of enchant weapon {unknown}
 q - 3 scrolls of poison
 w - 2 scrolls of revelation
 B - 2 scrolls of summoning {unknown}
 D - a scroll of acquirement {unknown}
 E - a scroll of amnesia {unknown}
 G - a scroll of immolation {unknown}
 M - a scroll of noise {unknown}
 N - 2 scrolls of brand weapon {unknown}
 Q - a scroll of silence {unknown}
Potions
 i - 2 potions of magic {unknown}
 k - 2 potions of heal wounds {unknown}
 l - 2 potions of might
 m - 3 potions of haste {unknown}
 r - a potion of resistance {unknown}
 x - 3 potions of attraction
 z - 3 potions of degeneration {unknown}
 A - 2 potions of mutation {unknown}
 F - a potion of berserk rage {unknown}
 J - a potion of cancellation {unknown}
 O - a potion of lignification {unknown}


   Skills:
 * Level 12.0 Fighting
 + Level 5.9 Short Blades
 + Level 6.0 Armour
 + Level 13.3 Dodging
 + Level 2.1 Shields
 + Level 9.7 Invocations


You had 11 spell levels left.
You didn't know any spells.
Your spell library contained the following spells:

 Spells                   Type           Power      Damage    Failure   Level
 Freeze                   Ice            0%         1d3       43%         1
 Kiss of Death            Conj/Necr      0%         2d5       43%         1
 Sandblast                Erth           0%         2d4       43%         1
 Ensorcelled Hibernation  Hex/Ice        0%         N/A       56%         2
 Jinxbite                 Hex            0%         N/A       56%         2
 Passwall                 Tmut/Erth      0%         N/A       56%         2
 Static Discharge         Conj/Air       0%         2-2/arc   56%         2
 Call Canine Familiar     Summ           0%         N/A       80%         3
 Confusing Touch          Hex            0%         N/A       80%         3
 Dazzling Flash           Conj/Hex       0%         N/A       80%         3
 Frozen Ramparts          Ice            0%         1d1       80%         3
 Gell's Gravitas          Tloc           0%         N/A       80%         3
 Hailstorm                Conj/Ice       0%         3d3       80%         3
 Ozocubu's Armour         Ice            0%         N/A       80%         3
 Sigil of Binding         Hex            0%         N/A       80%         3
 Stone Arrow              Conj/Erth      0%         3d7       80%         3
 Swiftness                Air            0%         N/A       80%         3
 Teleport Other           Tloc           0%         N/A       80%         3
 Volatile Blastmotes      Fire/Tloc      0%         2d10      80%         3
 Airstrike                Air            0%         2d(0-16)  99%         4
 Anguish                  Hex/Necr       0%         N/A       99%         4
 Animate Armour           Summ/Erth      0%         N/A       99%         4
 Animate Dead             Necr           0%         N/A       99%         4
 Brom's Barrelling Bould  Conj/Erth      0%         2d3       99%         4
 Dimensional Bullseye     Hex/Tloc       0%         N/A       99%         4
 Dispel Undead            Necr           0%         3d6       99%         4
 Fulminant Prism          Conj/Hex       0%         3d5       99%         4
 Iskenderun's Mystic Bla  Conj/Tloc      0%         2d3       99%         4
 Leda's Liquefaction      Hex/Erth       0%         N/A       99%         4
 Summon Lightning Spire   Summ/Air       0%         N/A       99%         4
 Agony                    Necr           0%         N/A       100%        5
 Borgnjor's Vile Clutch   Necr/Erth      0%         N/A       100%        5
 Lee's Rapid Deconstruct  Erth           0%         3d4*      100%        5
 Silence                  Hex/Air        0%         N/A       100%        5
 Death Channel            Necr           0%         N/A       100%        6
 Dispersal                Tloc           0%         N/A       100%        6
 Ozocubu's Refrigeration  Ice            0%         4d7       100%        7


Dungeon Overview and Level Annotations

Branches:
Dungeon (13/15) Temple (1/1) D:5 Lair (1/5) D:8 Orc (0/2) D:12 Vaults (0/5) D:12 D:13

Altars:
Ashenzari
Cheibriados
Dithmenos
Elyvilon
Fedhas
Gozag
Hepliaklqana
Kikubaaqudgha
Makhleb
Nemelex Xobeh
Okawaru
Qazlal
Ru
Sif Muna
Trog
Uskayaw
Vehumet
Wu Jian
Xom
Yredelemnul
Zin
The Shining One

Shops:
D:7 :   D:11 :

Annotations:
D:7 2 transporters, Gentlefood's ghost, novice DrNe
D:13 Rupert; Urug


Innate Abilities, Weirdness & Mutations

You are very small and have problems with some larger weapons.
You are too small for most types of armour.
You have supernaturally acute eyesight. (SInv)
You cover ground extremely quickly. (Speed+++)


Message History

You are poisoned.
The redback poisons you!
Okay, then.
You hit the redback.
The redback is lightly wounded.
You feel extremely sick. The redback completely misses you.
You puncture the redback! Lightning courses through the redback!
The redback is severely wounded.
You feel extremely sick. The redback completely misses you.
You are confused.
You feel invigorated.
You feel extremely sick. The redback barely misses you.
Unknown command.
You bump into the rock wall.
You feel very sick. The redback completely misses you. The redback bites you.
You are lethally poisoned!
The redback poisons you!
You feel extremely sick.
You bump into the granite statue.
You feel extremely sick. The redback completely misses you.
Unknown command.
It was a potion of might.
You feel very mighty all of a sudden.
You feel extremely sick. The redback bites you.
* * * LOW HITPOINT WARNING * * *
You are more poisoned.
The redback poisons you! The redback completely misses you.
You bump into the rock wall.
* * * LOW HITPOINT WARNING * * *
You feel extremely sick. The redback completely misses you.
It was a potion of attraction.
You feel attractive to monsters.
You die...

## . ### ... ..# ##.#..
...# ...# ##.#.# ~≈.##
...# ....#
≈~..##...####..##
≈~~.~.#..##P....#
≈≈~≈.#...##....#### #
≈≈~≈.....####...@8#.#
~≈~......#####..#s'.#
~~.≈##........###8##.)[#
.~.####......## ### #^†#
...## ##.....### .#
....## #P......#
#....#####.....##
#.....#####.#...#
###..#..# #######


You could see a redback.

Vanquished Creatures
  Gastronok (D:9)
  3 boulder beetles
  3 centaur warriors
  A tengu warrior (D:11)
  3 two-headed ogres (D:9)
  2 ugly things
  3 manticores
  4 cyclopes
  3 gargoyles
  An unseen horror (D:12)
  A rime drake (Lair:1)
  A komodo dragon (D:12)
  A meliai (D:12)
  A hornet (D:9)
  2 shadows
  A spriggan (D:9)
  A human (D:12)
  A wraith (D:12)
  A vampire (D:12)
  A wyvern (D:9)
  32 yaks
  A steam dragon (D:6)
  3 vampire mosquitoes (D:12)
  An acid dragon (D:11)
  3 water moccasins
  10 orc warriors
  A swamp drake (shapeshifter) (D:11)
  An ice beast (D:6)
  3 ogres
  5 centaurs
  3 phantoms
  2 kobold brigands (D:7)
  4 scorpions (D:5)
  3 gnoll sergeants (D:11)
  2 wights (D:7)
  3 jellies
  4 killer bees (D:10)
  3 howler monkeys
  An electric eel (Lair:1)
  5 hounds
  11 orc priests
  2 gnoll boudas
  4 iguanas
  17 orc wizards
  A sleepcap (D:6)
  16 gnolls
  6 adders
  A shadow imp (D:8)
  2 white imps
  A worm (D:3)
  3 dart slugs
  58 orcs
  3 ball pythons
  4 bats
  4 endoplasms
  5 giant cockroaches
  5 goblins
  5 hobgoblins
  4 jackals
  13 kobolds
  3 quokkas
  5 frilled lizards
  2 rats
300 creatures vanquished.

Vanquished Creatures (collateral kills)
  A human (D:12)
  A basilisk (D:12)
  2 wights (D:7)
  An orc wizard (D:9)
  A kobold (D:7)
6 creatures vanquished.

Vanquished Creatures (others)
  A hound (D:6)
  An orc (D:11)
2 creatures vanquished.

Grand Total: 308 creatures vanquished

Notes
Turn   | Place    | Note
-------+----------+-------------------------------------------
     0 | D:1      | Bravepunisher the Spriggan Monk began the quest for the
                  | Orb.
     0 | D:1      | Reached XP level 1. HP: 11/11 MP: 2/2
   175 | D:4      | Noticed a hound
   182 | D:5      | Entered Level 5 of the Dungeon
   211 | D:5      | Noticed an ogre
   227 | D:5      | Noticed a scorpion
   228 | D:5      | Noticed an ogre
   247 | D:5      | Found a staircase to the Ecumenical Temple.
   255 | Temple   | Entered the Ecumenical Temple
   282 | Temple   | Became a worshipper of Makhleb the Destroyer
   282 | Temple   | Reached * piety under Makhleb
   282 | Temple   | Reached ** piety under Makhleb
   408 | D:3      | Reached XP level 2. HP: 14/16 MP: 3/3
   472 | D:2      | Reached XP level 3. HP: 18/20 MP: 4/4
   502 | D:2      | Reached skill level 1 in Invocations
  1422 | D:2      | Reached XP level 4. HP: 23/24 MP: 4/6
  2056 | D:3      | Reached skill level 5 in Dodging
  2209 | D:3      | Reached *** piety under Makhleb
  2221 | D:3      | Reached XP level 5. HP: 25/29 MP: 7/7
  3315 | D:4      | Noticed an ogre
  3324 | D:4      | Killed an ogre
  3325 | D:4      | Reached XP level 6. HP: 31/34 MP: 8/8
  3796 | D:5      | Reached skill level 6 in Dodging
  3986 | D:5      | Identified the +6 dagger "Weofes" {elec, rCorr Int+2 SInv}
  4024 | D:5      | Reached skill level 5 in Fighting
  4039 | D:5      | Reached XP level 7. HP: 36/39 MP: 10/10
  4218 | D:5      | Identified the ring "Vokakluiz" {*Corrode Fly Dex+6 SInv
                  | Stlth+}
  4301 | D:5      | Found a runed translucent door.
  4356 | D:5      | Reached skill level 7 in Dodging
  4643 | D:5      | Reached XP level 8. HP: 43/44 MP: 12/12
  5030 | D:5      | Reached skill level 8 in Dodging
  5206 | D:5      | Reached skill level 5 in Invocations
  5569 | D:6      | Reached **** piety under Makhleb
  5689 | D:6      | Reached XP level 9. HP: 42/50 MP: 14/14
  6149 | D:6      | Reached skill level 9 in Dodging
  6235 | D:7      | Reached skill level 1 in Armour
  6694 | D:7      | Found Muruhyak's Book Boutique.
  6824 | D:7      | Found a transporter.
  6831 | D:7      | Noticed a komodo dragon
  6888 | D:7      | Found a transporter.
  6917 | D:7      | Found a sparkling altar of Nemelex Xobeh.
  6933 | D:7      | Noticed Gentlefood's ghost (novice DrNe)
  6964 | D:7      | Noticed a skeletal warrior
  7133 | D:8      | Found a large runed translucent door.
  7134 | D:8      | Found a large runed translucent door.
  7289 | D:8      | Found a blossoming altar of Fedhas.
  7308 | D:8      | Found a staircase to the Lair.
  7647 | D:8      | Found a shadowy altar of Dithmenos.
  7650 | D:8      | Found a sacrificial altar of Ru.
  7654 | D:8      | Found a snail-covered altar of Cheibriados.
  7789 | D:8      | Found a radiant altar of Vehumet.
  7799 | D:8      | Found a shimmering altar of Xom.
  7938 | D:9      | Reached skill level 10 in Dodging
  7946 | D:9      | Reached ***** piety under Makhleb
  7947 | D:9      | Reached XP level 10. HP: 44/57 MP: 16/16
  8019 | D:9      | Found a bloodstained altar of Trog.
  8043 | D:9      | Noticed a two-headed ogre
  8043 | D:9      | Noticed a two-headed ogre
  8080 | D:9      | Killed a two-headed ogre
  8115 | D:9      | Killed a two-headed ogre
  8158 | D:9      | Noticed Gastronok
  8180 | D:9      | Found a flagged portal.
  8233 | D:9      | Killed Gastronok
  8234 | D:9      | Reached skill level 11 in Dodging
  8283 | D:9      | Found the +8 pair of quick blades "Gyre" and "Gimble"
                  | {protect}
  8724 | D:9      | Found a hide-covered altar of Uskayaw.
  8725 | D:9      | Noticed a two-headed ogre
  8752 | D:9      | Killed a two-headed ogre
  8753 | D:9      | Reached skill level 10 in Fighting
  9040 | D:9      | Reached XP level 11. HP: 63/63 MP: 17/17
  9084 | D:10     | Entered Level 10 of the Dungeon
 10250 | D:11     | Noticed a boulder beetle
 10302 | D:11     | Killed a boulder beetle
 10303 | D:11     | Reached skill level 12 in Dodging
 10587 | D:11     | Reached skill level 5 in Armour
 10597 | D:11     | Noticed a centaur warrior
 10616 | D:11     | Killed a centaur warrior
 10650 | D:11     | Identified the ring of Wishful Thinking {Wiz rPois}
 10650 | D:11     | Noticed a centaur warrior
 10671 | D:11     | Killed a centaur warrior
 10718 | D:11     | Reached XP level 12. HP: 54/70 MP: 19/19
 10882 | D:11     | Noticed a tengu warrior
 10897 | D:11     | Killed a tengu warrior
 11185 | D:11     | Found Mailat's Book Shoppe.
 11507 | D:12     | Reached skill level 5 in Short Blades
 11533 | D:12     | Found a glowing silver altar of Zin.
 11534 | D:12     | Found a bloodstained altar of Trog.
 11535 | D:12     | Found a white marble altar of Elyvilon.
 11535 | D:12     | Found an ornate altar of the Wu Jian Council.
 11579 | D:12     | Reached skill level 1 in Shields
 11597 | D:12     | Noticed a boulder beetle
 11628 | D:12     | Killed a boulder beetle
 11703 | D:12     | Reached skill level 13 in Dodging
 11760 | D:12     | Found an opulent altar of Gozag.
 11793 | D:12     | Found a gate leading to a gauntlet.
 11858 | D:12     | Found a staircase to the Orcish Mines.
 12072 | D:12     | Noticed a boulder beetle
 12075 | D:12     | Noticed a centaur warrior
 12095 | D:12     | Killed a centaur warrior
 12108 | D:12     | Killed a boulder beetle
 12402 | D:13     | Noticed a centaur warrior
 12402 | D:13     | Noticed Urug
 12402 | D:13     | Noticed a seven-headed hydra
 12402 | D:13     | Noticed Rupert
 12402 | D:13     | Found a gate to the Vaults.
 12413 | D:13     | Noticed a two-headed ogre
 12600 | Lair:1   | Entered Level 1 of the Lair of Beasts
 12767 | Lair:1   | Found a runed translucent door.
 12796 | Lair:1   | Succumbed to a redback's poison

Illustrated notes

Levels and vault maps discovered:
D:1:      minmay_arrival_jagged, layout_loops_cross, grunt_decor_arrowhead
D:2:      layout_basic, minmay_pentomino_x2
D:3:      layout_basic
D:4:      layout_basic, minmay_fountain_box, wad_orctagon
D:5:      layout_loops_cross, minmay_temple_entry_grid, lightli_church_of_beogh
D:6:      layout_gridville, hangedman_abyss_or_decor_stagger,
          roderic_roman_lattice
D:7:      layout_loops_cross, general_overflow_altar, serial_rivers,
          chequers_serial_rivers_large_a, chequers_serial_rivers_micro_a,
          chequers_serial_rivers_micro_d, chequers_serial_rivers_micro_e,
          chequers_serial_rivers_small_b, nzn_ghost_randoct, serial_shops,
          nicolae_shop_real_fake_doors
D:8:      layout_loops_ring, fedhas_altar_2, grunt_temple_overflow_diamond,
          jmf_multi_god_temple2, lair_entry_dummy
D:9:      layout_basic, lemuel_crystal_altar, mainiacjoe_overflow_paths,
          enter_bailey_2, minmay_misc_feat_plants,
          hellmonk_guarded_unrand_gyre_and_gimble, uniq_gastronok
D:10:     layout_loops_corners
D:11:     layout_loops_ring, serial_shops, nicolae_book_shop_shelving,
          minmay_pinched_square
D:12:     minmay_the_grid_octo_2x2 [minmay_the_grid_octo_chip,
          minmay_the_grid_octo_shrine, minmay_the_grid_octo_odd_swirl,
          minmay_the_grid_octo_prize_square_snowflake], layout_cave_pools,
          david_orc_2, gauntlet_entry_generic, grunt_gozag_breadcrumbs
D:13:     layout_stronghold, david_vaults_3, gammafunk_ghost_necromancy,
          minmay_crystal_room, uniq_frances
Temple:   oiseaux_autumnal_temple
Lair:1:   gammafunk_indiana_jones, layout_concentric_octagons,
          infiniplex_staircase_pool

Skill      XL: |  1  2  3  4  5  6  7  8  9 10 11 12 |
---------------+-------------------------------------+-----
Fighting       | 3 4 5 6 7 8 10 11 12 | 12.0
Invocations    | 1 2 3 4 5 6 7 9 |  9.7
Dodging        | 5 6 7 8 10 11 12 13 | 13.3
Armour         | 2 4 5 6 |  6.0
Short Blades   | 4 5 |  5.9
Shields        | 2 |  2.1

Action                     |  1- 3 |  4- 6 |  7- 9 | 10-12 || total
---------------------------+-------+-------+-------+-------++-------
  Melee: Short sword       |    42 |       |       |       ||    42
         Dagger            |     5 |    40 |   311 |   655 ||  1011
         Punch             |     2 |     2 |     8 |     4 ||    16
         Pair of quick bla |       |       |       |    30 ||    30
 Invoke: Minor Destruction |    42 |   112 |   163 |   152 ||   469
         Lesser Servant of |       |       |     1 |     7 ||     8
  Evoke: Wand              |       |       |     1 |     4 ||     5
    Use: Potion            |       |       |     1 |     8 ||     9
         Scroll            |       |       |       |     4 ||     4
   Stab: Sleeping          |       |       |     1 |     2 ||     3
         Distracted        |       |       |       |     2 ||     2
 Armour: Robe              |    15 |    12 |    21 |       ||    48
         Steam dragon scal |       |       |    21 |   104 ||   125
  Dodge: Dodged            |    45 |    55 |   296 |   571 ||   967
  Block: Buckler           |       |       |       |    79 ||    79

Table legend: (Time is in decaauts)
 A = Elapsed time spent in this place.
 B = Non-inter-level travel time spent in this place.
 C = Inter-level travel time spent in this place.
 D = Time resting spent in this place.
 E = Time spent auto-exploring this place.
 F = Levels seen in this place.
 G = Mean time per level.
                   A        B        C        D        E       F      G
               +--------+--------+--------+--------+--------+-----+--------+
         Total |   8975 |   8467 |    508 |     89 |   6099 |  15 |  598.3 |
       Dungeon |   8812 |   8336 |    476 |     89 |   6009 |  13 |  677.8 |
        Temple |     34 |      3 |     31 |      0 |      0 |   1 |   34.0 |
          Lair |    128 |    128 |      0 |      0 |     89 |   1 |  128.0 |
               +--------+--------+--------+--------+--------+-----+--------+

Top non-repeatable levels by time:
     D:5: 1240 daAuts
    D:11: 931 daAuts
     D:9: 889 daAuts
    D:12: 816 daAuts
    D:10: 757 daAuts
     D:3: 740 daAuts
     D:4: 641 daAuts
     D:7: 619 daAuts
     D:6: 602 daAuts
     D:2: 592 daAuts
     D:8: 538 daAuts
     D:1: 438 daAuts
  Lair:1: 128 daAuts
  Temple: 34 daAuts
    D:13: 4 daAuts
